 Dungeon Crawl Stone Soup version 0.31.0-12-g77e489cdc1 (webtiles) character file.

Game seed: 193170518987079820

4222 Metae the Cutter (level 10, -2/55 HPs)
             Began as a Purple Draconian Shapeshifter on Feb 25, 2024.
             Was a Believer of Uskayaw.
             Slain by an orc warrior
             ... wielding a +0 scimitar
              (7 damage)
             ... on level 8 of the Dungeon.
             The game lasted 00:28:22 (6715 turns).

Metae the Cutter (Purple Draconian Shapeshifter)    Turns: 6715, Time: 00:28:24

Health: -2/55      AC: 18    Str: 21    XL:     10   Next: 9%
Magic:  14/14      EV: 13    Int: 11    God:    Uskayaw [**....]
Gold:   418        SH:  3    Dex: 10    Spells: 13/14 levels left

rFire   . . .        q - +9 short sword of the Sage {protect, rC+ SInv}
rCold   + . .        F - +0 buckler {rPois}
rNeg    . . .        (body armour unavailable)
rPois   +            (helmet restricted)
rElec   .            (no cloak)
rCorr   +            g - +2 pair of gloves "Guhushum" {rCorr}
SInv    +            h - +0 pair of boots
Will    +....        (no amulet)
Stlth   +            (no ring)
HPRegen 0.29/turn    (no ring)
MPRegen 0.14/turn

%: no passive effects
@: maw-form, marked, under a protective aura, studying Short Blades
A: devouring maw, reduced hp, breathe power, AC +7, unfitting armour,
cold-blooded
a: Breathe Dispelling Energy, Begin Untransformation, Renounce Religion, Stomp,
Line Pass


You were on level 8 of the Dungeon.
You worshipped Uskayaw.
Uskayaw was noncommittal.
You were a creature with a mouth for a stomach.
You visited 2 branches of the dungeon, and saw 9 of its levels.

You collected 646 gold pieces.
You spent 228 gold pieces at shops.

Inventory:

Hand Weapons
 q - the +9 short sword of the Sage (weapon) {protect, rC+ SInv}
   (You found it on level 2 of the Dungeon)

   rC+:       It protects you from cold.
   SInv:      It lets you see invisible.
Missiles
 e - 65 stones
 j - 7 boomerangs (quivered)
 C - 13 poisoned darts
Armour
 g - the +2 pair of gloves "Guhushum" (worn) {rCorr}
   (You acquired it on level 4 of the Dungeon)

   rCorr:     It protects you from acid and corrosion.
 h - a +0 pair of boots (worn)
 F - a +0 buckler of poison resistance (worn)
Jewellery
 H - a +6 ring of intelligence
Talismans
 b - a beast talisman
 c - a flux talisman
 d - a serpent talisman
 u - a maw talisman (active)
Wands
 o - a wand of flame (39)
 s - a wand of mindburst (14)
 t - a wand of light (18)
Scrolls
 k - a scroll of brand weapon
 l - a scroll of revelation
 m - 2 scrolls of teleportation
 n - a scroll of fog {unknown}
 p - a scroll of enchant weapon
 v - 3 scrolls of vulnerability
 w - 2 scrolls of poison {unknown}
 y - a scroll of noise {unknown}
 D - a scroll of blinking {unknown}
 E - a scroll of silence {unknown}
 I - a scroll of fear {unknown}
Potions
 a - 2 potions of lignification
 f - 2 potions of magic {unknown}
 r - 2 potions of resistance
 x - a potion of mutation {unknown}
 z - 2 potions of curing
 A - 2 potions of degeneration {unknown}
 B - 2 potions of haste {unknown}
 G - a potion of might {unknown}


   Skills:
 + Level 7.0 Fighting
 + Level 7.3 Short Blades
 + Level 6.1 Dodging
 - Level 3.7 Unarmed Combat
 - Level 2.9 Spellcasting
 - Level 2.5 Necromancy
 + Level 3.2 Invocations
 + Level 5.1 Evocations
 + Level 6.5 Shapeshifting


You had 13 spell levels left.
You knew the following spells:

 Your Spells              Type           Power      Damage    Failure   Level
a - Necrotise             Necr           28%        1d5       12%         1

Your spell library contained the following spells:

 Spells                   Type           Power      Damage    Failure   Level
 Sublimation of Blood     Necr           7%         N/A       19%         2
 Apportation              Tloc           2%         N/A       34%         1
 Sting                    Conj/Alch      4%         1d3       34%         1
 Summon Small Mammal      Summ           4%         N/A       34%         1
 Mercury Vapours          Alch/Air       2%         N/A       45%         2
 Olgreb's Toxic Radiance  Alch           1%         N/A       98%         4
 Petrify                  Alch/Erth      1%         N/A       98%         4
 Irradiate                Conj/Alch      0%         3d11      100%        5


Dungeon Overview and Level Annotations

Branches:
Dungeon (8/15)             Temple (1/1) D:6
   Lair: D:8-11

Altars:
Ashenzari
Cheibriados
Dithmenos
Elyvilon
Gozag
Hepliaklqana
Kikubaaqudgha
Makhleb
Okawaru
Qazlal
Ru
Sif Muna
Trog
Uskayaw
Vehumet
Wu Jian
Xom
Zin
The Shining One

Shops:
D:4 !   D:5 ?

Annotations:
D:6 Eustachio


Innate Abilities, Weirdness & Mutations

You are a creature with a mouth for a stomach.
Your midsection houses a second, enormous mouth.
Your maximum health is decreased, since you lack skill for your form.
You can breathe bolts of dispelling energy.
Your rich purple scales are hard. (AC +7)
You cannot fit into any form of body armour.
You are cold-blooded and may be slowed by cold attacks.


Message History

Okay, then.
There are monsters nearby!
The orc warrior barely misses you.
The orc suddenly roars, in orcish tradition.
You begin transforming.
You continue transforming. x2
The orc warrior misses you.
You continue transforming.
The orc closely misses you.
The orc warrior hits you with a +0 scimitar!
* * * LOW HITPOINT WARNING * * *
You can no longer pass through a line of other dancers.
You turn into a creature with a mouth for a stomach.
You feel better. The orc priest misses you.
The orc warrior hits you but does no damage.
An orc comes into view. It is wielding a +0 dagger.
You are too injured to fight recklessly!
You are too injured to fight recklessly!
You are too injured to fight recklessly!
You puncture the orc warrior!
Your weapon exudes an aura of protection.
You tail-slap the orc warrior, but do no damage.
Your bite misses the orc warrior.
The orc warrior is severely wounded.
The orc priest hits you but does no damage.
The orc warrior hits you with a +0 scimitar!
* * * LOW HITPOINT WARNING * * *
The centaur wields a +0 shortbow.
The centaur shoots an arrow.
The arrow barely misses you.
You can now pass through a line of other dancers.
The centaur shoots an arrow.
The arrow closely misses you. The orc priest closely misses you.
The orc warrior hits you but does no damage.
You hit the orc priest.
Your tail-slap misses the orc priest.
You bite the orc priest, but do no damage.
The orc priest is lightly wounded.
A wight comes into view. It is wielding a +3 war axe.
The orc barely misses you.
The orc priest hits you but does no damage.
The orc warrior hits you with a +0 scimitar!
You die...

...# .!.
..# #..
# #..##
#
#...###
##
#oo..##
.
#WY..##
#
##ooc.#
##
###....#
####.
oo#.#
......
....#
..##..
....#
.....
..o.z.
#.##..
......#
. #..
......#
#.#


You could see 2 orc warriors, an ice beast, a centaur, a wight, 2 orc priests
and an orc.

Vanquished Creatures
  Jeremiah (D:7)
  The ghost of diceflayer the Trooper, an amateur DsFi (D:5)
  Sigmund (D:3)
  A wraith (D:8)
  2 steam dragons
  An acid dragon (D:6)
  3 water moccasins
  2 orc warriors
  2 sky beasts
  A black bear (D:5)
  2 centaurs
  2 ogres
  2 phantoms
  2 kobold brigands
  A bullfrog (D:7)
  A gnoll sergeant (D:7)
  2 scorpions (D:5)
  4 wights (D:7)
  6 killer bees (D:8)
  A howler monkey (D:7)
  2 electric eels (D:8)
  3 vampire bats (D:3)
  A jelly (D:6)
  An orc priest (D:6)
  3 hounds
  4 iguanas
  2 sleepcaps
  Ijyb (D:5)
  Natasha (thrice) (D:4)
  An orc wizard (D:7)
  11 gnolls
  10 adders
  2 shadow imps (D:5)
  2 white imps
  2 ufetubi (D:5)
  2 ribbon worms
  2 dart slugs
  8 orcs
  15 ball pythons
  5 bats
  4 bat skeletons (D:3)
  2 bat zombies (D:3)
  3 endoplasms
  4 giant cockroaches
  5 goblins
  8 hobgoblins
  16 kobolds
  9 quokkas
  3 frilled lizards
  4 rats
176 creatures vanquished.

Vanquished Creatures (others)
  A gnoll (D:8)
  An orc (D:8)
2 creatures vanquished.

Grand Total: 178 creatures vanquished

Notes
Turn   | Place    | Note
-------+----------+-------------------------------------------
     0 | D:1      | Metae the Draconian Shapeshifter began the quest for the
                  | Orb.
     0 | D:1      | Reached XP level 1. HP: 16/16 MP: 1/1
    34 | D:1      | Reached XP level 2. HP: 14/23 MP: 2/2
   207 | D:1      | Found a faded altar of an unknown god.
   462 | D:1      | Reached XP level 3. HP: 29/29 MP: 3/3
   992 | D:2      | Reached XP level 4. HP: 36/37 MP: 4/4
  1490 | D:2      | Identified the +9 short sword of the Sage {protect, rC+
                  | SInv}
  1868 | D:3      | Reached XP level 5. HP: 41/44 MP: 5/5
  2028 | D:3      | Found a broken altar of Ashenzari.
  2028 | D:3      | You fall into a shaft and drop 3 floors!
  2067 | D:6      | Noticed an orc warrior
  2069 | D:6      | Noticed a phantom
  2073 | D:6      | Reached skill level 1 in Short Blades
  2087 | D:6      | Killed an orc warrior
  2088 | D:6      | Reached XP level 6. HP: 41/51 MP: 6/6
  2135 | D:6      | Found a shadowy altar of Dithmenos.
  2137 | D:6      | Found a bloodstained altar of Trog.
  2255 | D:6      | Found an opulent altar of Gozag.
  2297 | D:6      | Your scales start taking on a rich purple colour.
  2297 | D:6      | Reached XP level 7. HP: 25/59 MP: 7/7
  2358 | D:5      | Entered Level 5 of the Dungeon
  2390 | D:5      | Noticed Ijyb
  2400 | D:5      | Killed Ijyb
  2586 | D:4      | Noticed Natasha
  2590 | D:4      | Killed Natasha
  2763 | D:4      | Found a shimmering altar of Xom.
  2764 | D:4      | Found a shimmering altar of Xom.
  2767 | D:4      | Found a shimmering altar of Xom.
  2952 | D:3      | Found an iron altar of Okawaru.
  3027 | D:3      | Noticed Sigmund
  3037 | D:3      | Killed Sigmund
  3038 | D:3      | Reached skill level 1 in Evocations
  3232 | D:3      | Found an ancient bone altar of Kikubaaqudgha.
  3239 | D:3      | Reached skill level 5 in Shapeshifting
  3243 | D:3      | Reached XP level 8. HP: 66/67 MP: 8/8
  3354 | D:4      | Noticed Natasha
  3369 | D:4      | Killed Natasha
  3370 | D:4      | Reached skill level 5 in Fighting
  3542 | D:4      | Found Uskim's Distillery.
  3546 | D:4      | Bought a potion of curing for 36 gold pieces
  3546 | D:4      | Bought 2 potions of curing for 72 gold pieces
  3546 | D:4      | Bought a potion of resistance for 120 gold pieces
  3554 | D:4      | Identified a scroll of acquirement
  3559 | D:4      | Acquired the +2 pair of gloves "Guhushum" {rCorr}
  3658 | D:4      | Noticed Natasha
  3669 | D:4      | Killed Natasha
  3768 | D:4      | Learned a level 1 spell: Necrotise
  3793 | D:5      | Found Belin's Magic Scroll Shop.
  4083 | D:5      | Reached skill level 1 in Spellcasting
  4083 | D:5      | Reached skill level 1 in Necromancy
  4390 | D:5      | Found a transporter.
  4393 | D:5      | Noticed diceflayer's ghost (amateur DsFi)
  4515 | D:5      | Found a transporter.
  4522 | D:5      | Killed diceflayer's ghost
  4523 | D:5      | Reached skill level 5 in Short Blades
  4523 | D:5      | Reached skill level 5 in Dodging
  4526 | D:5      | Reached XP level 9. HP: 57/75 MP: 12/12
  4838 | D:6      | Found a staircase to the Ecumenical Temple.
  4867 | Temple   | Entered the Ecumenical Temple
  5017 | Temple   | Became a worshipper of Uskayaw the Reveller
  5191 | D:6      | Noticed Eustachio
  5349 | D:7      | Reached * piety under Uskayaw
  5354 | D:7      | Reached ** piety under Uskayaw
  5414 | D:7      | Reached *** piety under Uskayaw
  5418 | D:7      | Reached **** piety under Uskayaw
  5421 | D:7      | Reached skill level 1 in Invocations
  5424 | D:7      | Reached ***** piety under Uskayaw
  5542 | D:7      | Noticed Jeremiah
  5567 | D:7      | Killed Jeremiah
  6578 | D:8      | HP: 1/78 [something/ball of steam (12)]
  6661 | D:8      | Reached skill level 5 in Evocations
  6673 | D:8      | Reached XP level 10. HP: 39/84 MP: 14/14
  6711 | D:8      | HP: 4/86 [orc warrior/+0 scimitar (12)]
  6715 | D:8      | Slain by an orc warrior

Illustrated notes

Levels and vault maps discovered:
D:1:      reono_arrival_mine, layout_basic,
          shapermc_ecumenical_altar_starsandcircs
D:2:      wad_woods_tower, layout_loops_ring
D:3:      layout_basic, mainiacjoe_overflow_cross_hatched,
          kennysheep_vampire_church, mainiacjoe_overflow_concentric_impassable,
          uniq_sigmund
D:4:      layout_loops_ring, xom_redecorated, serial_shops, shop,
          kennysheep_generic_room_6, uniq_natasha
D:5:      layout_loops_ring, gammafunk_ghost_smash, minmay_misc_feat_roman,
          nicolae_take_the_stairs, uniq_ijyb
D:6:      layout_basic, grunt_gozag_statues, jmf_multi_god_temple,
          minmay_temple_entry_waves, uniq_eustachio
D:7:      layout_loops_ring, kennysheep_generic_room_5, uniq_jeremiah
D:8:      layout_rooms, jmf_multi_god_temple2, serial_bayou,
          serial_bayou_pond_c, serial_bayou_ford_a, serial_bayou_shore_a,
          serial_bayou_shore_b, serial_bayou_pond_d, serial_bayou_lake_a
Temple:   minmay_temple_bridge_abc

Skill      XL: |  1  2  3  4  5  6  7  8  9 10 |
---------------+-------------------------------+-----
Dodging        | 2 3 4 5 6 |  6.1
Fighting       | 2 3 4 5 6 7 |  7.0
Short Blades   | 1 2 3 5 7 |  7.3
Shapeshifting  | 4 5 6 |  6.5
Evocations     | 1 3 5 |  5.1
Spellcasting   | 2 |  2.9
Necromancy     | 2 |  2.5
Invocations    | 3 |  3.2
Unarmed Combat | |  3.7

Action                     |  1- 3 |  4- 6 |  7- 9 | 10-12 || total
---------------------------+-------+-------+-------+-------++-------
  Melee: Unarmed           |   109 |    43 |       |       ||   152
         Tailslap          |    11 |    13 |    54 |     4 ||    82
         Punch             |     1 |     3 |    11 |       ||    15
         Short sword       |       |    66 |   417 |    24 ||   507
         Maw               |       |       |       |     1 ||     1
 Invoke: Stomp             |       |       |       |     1 ||     1
Ability: Begin Untransform |       |     1 |     1 |       ||     2
         Breathe Dispellin |       |       |     1 |       ||     1
    Use: Scroll            |       |       |     9 |     1 ||    10
         Potion            |       |       |     1 |     3 ||     4
   Stab: Sleeping          |       |       |     1 |       ||     1
         Paralysed         |       |       |     8 |     2 ||    10
 Armour: Skin              |    58 |    72 |   268 |    36 ||   434
  Dodge: Dodged            |    59 |    50 |   244 |    28 ||   381
  Block: Buckler           |       |       |    17 |     8 ||    25
   Form: Beast             |     1 |       |     1 |       ||     2
         Maw               |       |       |       |     1 ||     1
